% Time on Ice - ANCHORAGE ACES
Lines # - Real PCT - Wanted PCT - Time Play
Normal Forward
1 - 34% - 36% - 15:44
2 - 36% - 33% - 16:21
3 - 28% - 28% - 13:04
4 - 2% - 3% - 0:43
Normal Defense
1 - 33% - 36% - 14:57
2 - 31% - 31% - 14:19
3 - 28% - 23% - 12:48
4 - 8% - 10% - 3:48
PP Forward
1 - 56% - 55% - 3:23
2 - 44% - 45% - 2:38
PP Defense
1 - 52% - 55% - 3:09
2 - 48% - 45% - 2:52
PK Forward
1 - 62% - 55% - 4:35
2 - 38% - 45% - 2:52
PK Defense
1 - 43% - 55% - 3:13
2 - 57% - 45% - 4:14
PK3 Forward
1 - 65% - 55% - 0:26
2 - 35% - 45% - 0:14
PK3 Defense
1 - 35% - 55% - 0:14
2 - 65% - 45% - 0:26
44 Forward
1 - 0% - 55%
2 - 0% - 45%
44 Defense
1 - 0% - 55%
2 - 0% - 45%
Last Minute Offensive  - 0:00
Last Minute Defensive  - 0:00
Total
Forward - 60:00
Defense - 60:00
% Time on Ice - COLORADO GLACIERCATS
Lines # - Real PCT - Wanted PCT - Time Play
Normal Forward
1 - 36% - 35% - 16:37
2 - 32% - 33% - 14:37
3 - 26% - 27% - 11:53
4 - 6% - 5% - 2:45
Normal Defense
1 - 38% - 40% - 17:31
2 - 36% - 36% - 16:30
3 - 25% - 20% - 11:23
4 - 1% - 4% - 0:28
PP Forward
1 - 41% - 50% - 3:20
2 - 59% - 50% - 4:47
PP Defense
1 - 56% - 50% - 4:32
2 - 44% - 50% - 3:35
PK Forward
1 - 54% - 50% - 3:14
2 - 46% - 50% - 2:47
PK Defense
1 - 66% - 50% - 3:58
2 - 34% - 50% - 2:03
PK3 Forward
1 - 0% - 50%
2 - 0% - 50%
PK3 Defense
1 - 0% - 50%
2 - 0% - 50%
44 Forward
1 - 0% - 50%
2 - 0% - 50%
44 Defense
1 - 0% - 45%
2 - 0% - 55%
Last Minute Offensive  - 0:00
Last Minute Defensive  - 0:00
Total
Forward - 60:00
Defense - 60:00
Play-by-Play 1st period 0:01 of 1st period - Connor McDavid wins face-off versus Tage Thompson in neutral zone. 0:03 of 1st period - Off-side. 0:04 of 1st period - Tomas Hertl wins face-off versus Nikolaj Ehlers in neutral zone. 0:04 of 1st period - Tomas Hertl is hit by Phillip Danault. 0:45 of 1st period - Shot by Phillip Danault. 0:45 of 1st period - Stopped by Andrei Vasilevskiy without a rebound. 0:46 of 1st period - Alexander Wennberg wins face-off versus Chris Kreider in COLORADO GLACIERCATS zone. 0:55 of 1st period - Alexander Wennberg is hit by Seth Jones and loses puck. 1:18 of 1st period - Icing by Erik Haula. 1:19 of 1st period - Tage Thompson wins face-off versus Erik Haula in ANCHORAGE ACES zone. 1:47 of 1st period - Chris Kreider is hit by Jamie Benn and loses puck. 1:49 of 1st period - Minor Penalty to Sheldon Dries for Holding. 1:50 of 1st period - Tomas Hertl wins face-off versus Erik Haula in ANCHORAGE ACES zone. 2:20 of 1st period - Conor Sheary is hit by Kristopher Letang and loses puck. 3:06 of 1st period - Jamie Benn is hit by Erik Haula and loses puck. 3:25 of 1st period - Shot by Devon Toews. 3:25 of 1st period - Shot Blocked by Seth Jones. 4:24 of 1st period - Icing by Mario Ferraro. 4:25 of 1st period - Alexander Wennberg wins face-off versus Phillip Danault in COLORADO GLACIERCATS zone. 4:25 of 1st period - Alexander Wennberg is hit by Phillip Danault. 4:31 of 1st period - Shot by Mario Ferraro. 4:31 of 1st period - Shot Misses the Net. 5:37 of 1st period - Shot by Chris Kreider. 5:37 of 1st period - Shot Misses the Net. 5:39 of 1st period - Shot by Seth Jones. 5:39 of 1st period - Shot Misses the Net. 5:41 of 1st period - Shot by Erik Haula. 5:41 of 1st period - Stopped by Andrei Vasilevskiy without a rebound. 5:42 of 1st period - Connor McDavid wins face-off versus Tage Thompson in COLORADO GLACIERCATS zone. 5:53 of 1st period - Shot by Connor McDavid. 5:53 of 1st period - Shot Hit the Post. 5:55 of 1st period - Shot by Connor McDavid. 5:55 of 1st period - Stopped by Andrei Vasilevskiy without a rebound. 5:56 of 1st period - Tomas Hertl wins face-off versus Connor McDavid in COLORADO GLACIERCATS zone. 6:00 of 1st period - Blake Wheeler is hit by Robert Bortuzzo and loses puck. 6:08 of 1st period - Icing by Connor McDavid. 6:09 of 1st period - Connor McDavid wins face-off versus Tage Thompson in ANCHORAGE ACES zone. 6:14 of 1st period - Vince Dunn is hit by Ryan Lomberg and loses puck. 6:19 of 1st period - Shot by Connor McDavid. 6:19 of 1st period - Deflect By Erik Haula. 6:19 of 1st period - Shot Blocked by Vladislav Gavrikov. 6:21 of 1st period - Shot by Connor McDavid. 6:21 of 1st period - Stopped by Andrei Vasilevskiy without a rebound. 6:22 of 1st period - Phillip Danault wins face-off versus Tomas Hertl in COLORADO GLACIERCATS zone. 6:34 of 1st period - Phillip Danault is hit by Devon Toews and loses puck. 6:45 of 1st period - Shot by Blake Wheeler. 6:45 of 1st period - Shot Misses the Net. 6:47 of 1st period - Shot by Devon Toews. 6:47 of 1st period - Shot Misses the Net. 7:03 of 1st period - Shot by Bryan Rust. 7:03 of 1st period - Stopped by Darcy Kuemper without a rebound. 7:04 of 1st period - Connor McDavid wins face-off versus Tage Thompson in ANCHORAGE ACES zone. 7:13 of 1st period - Shot by Nathan MacKinnon. 7:13 of 1st period - Stopped by Andrei Vasilevskiy without a rebound. 7:14 of 1st period - Nathan MacKinnon wins face-off versus Leon Draisaitl in COLORADO GLACIERCATS zone. 7:18 of 1st period - Shot by Nathan MacKinnon. 7:18 of 1st period - Goal by Nathan MacKinnon - ANCHORAGE ACES : 1 - COLORADO GLACIERCATS : 0. 7:19 of 1st period - Tage Thompson wins face-off versus Connor McDavid in neutral zone. 7:31 of 1st period - Minor Penalty to Tage Thompson for Tripping. 7:32 of 1st period - Phillip Danault wins face-off versus Alexander Wennberg in COLORADO GLACIERCATS zone. 7:35 of 1st period - Shot by Chris Kreider. 7:35 of 1st period - Goal by Chris Kreider - ANCHORAGE ACES : 2 - COLORADO GLACIERCATS : 0. 7:36 of 1st period - Connor McDavid wins face-off versus Tage Thompson in neutral zone. 7:43 of 1st period - Icing by Connor McDavid. 7:44 of 1st period - Tage Thompson wins face-off versus Connor McDavid in ANCHORAGE ACES zone. 8:36 of 1st period - Off-side. 8:37 of 1st period - Erik Haula wins face-off versus Tomas Hertl in neutral zone. 8:37 of 1st period - Jakob Chychrun is hit by Bryan Rust and loses puck. 8:46 of 1st period - Shot by Chris Kreider. 8:46 of 1st period - Shot Misses the Net. 8:48 of 1st period - Shot by Jakob Chychrun. 8:48 of 1st period - Stopped by Andrei Vasilevskiy without a rebound. 8:49 of 1st period - Phillip Danault wins face-off versus Adam Ruzicka in COLORADO GLACIERCATS zone. 8:50 of 1st period - Shot by Conor Sheary. 8:50 of 1st period - Stopped by Andrei Vasilevskiy without a rebound. 8:51 of 1st period - Tomas Hertl wins face-off versus Phillip Danault in COLORADO GLACIERCATS zone. 9:00 of 1st period - Shot by Tomas Hertl. 9:00 of 1st period - Stopped by Darcy Kuemper without a rebound. 9:00 of 1st period - Minor Penalty to Jakob Chychrun for Tripping. 9:01 of 1st period - Tomas Hertl wins face-off versus Erik Haula in ANCHORAGE ACES zone. 9:31 of 1st period - Shot by Devon Toews. 9:31 of 1st period - Stopped by Darcy Kuemper without a rebound. 9:32 of 1st period - Phillip Danault wins face-off versus Tage Thompson in ANCHORAGE ACES zone. 9:46 of 1st period - Vince Dunn is hit by Erik Haula and loses puck. 10:42 of 1st period - Shot by Devon Toews. 10:42 of 1st period - Stopped by Darcy Kuemper without a rebound. 10:43 of 1st period - Tomas Hertl wins face-off versus Phillip Danault in ANCHORAGE ACES zone. 11:25 of 1st period - Shot by Chris Kreider. 11:25 of 1st period - Shot Misses the Net. 11:28 of 1st period - Icing by Mario Ferraro. 11:29 of 1st period - Alexander Wennberg wins face-off versus Phillip Danault in COLORADO GLACIERCATS zone. 11:42 of 1st period - Jack Johnson is hit by Nino Niederreiter and loses puck. 12:10 of 1st period - Shot by Phillip Danault. 12:10 of 1st period - Shot Blocked by Alexander Wennberg. 12:12 of 1st period - Shot by Conor Sheary. 12:12 of 1st period - Goal by Conor Sheary - ANCHORAGE ACES : 3 - COLORADO GLACIERCATS : 0. 12:13 of 1st period - Yegor Sharangovich wins face-off versus Tage Thompson in neutral zone. 12:51 of 1st period - Shot by Nathan MacKinnon. 12:51 of 1st period - Shot Misses the Net. 12:59 of 1st period - Shot by Connor McDavid. 12:59 of 1st period - Deflect By Nathan MacKinnon. 12:59 of 1st period - Goal by Nathan MacKinnon - ANCHORAGE ACES : 4 - COLORADO GLACIERCATS : 0. 12:59 of 1st period - Pheonix Copley enters game. 13:00 of 1st period - Tomas Hertl wins face-off versus Erik Haula in neutral zone. 13:39 of 1st period - Shot by Chris Kreider. 13:39 of 1st period - Deflect By Erik Haula. 13:39 of 1st period - Goal by Erik Haula - ANCHORAGE ACES : 5 - COLORADO GLACIERCATS : 0. 13:40 of 1st period - Adam Ruzicka wins face-off versus Phillip Danault in neutral zone. 15:06 of 1st period - Shot by Leon Draisaitl. 15:06 of 1st period - Shot Misses the Net. 15:57 of 1st period - Shot by Connor McDavid. 15:57 of 1st period - Stopped by Pheonix Copley without a rebound. 15:58 of 1st period - Erik Haula wins face-off versus Alexander Wennberg in COLORADO GLACIERCATS zone. 15:59 of 1st period - Shot by Chris Kreider. 15:59 of 1st period - Stopped by Pheonix Copley without a rebound. 16:00 of 1st period - Alexander Wennberg wins face-off versus Erik Haula in COLORADO GLACIERCATS zone. 16:21 of 1st period - Shot by Chris Kreider. 16:21 of 1st period - Stopped by Pheonix Copley without a rebound. 16:22 of 1st period - Yegor Sharangovich wins face-off versus Tomas Hertl in COLORADO GLACIERCATS zone. 16:36 of 1st period - Shot by Connor McDavid. 16:36 of 1st period - Shot Blocked by Vladislav Gavrikov. 17:08 of 1st period - Shot by Tomas Hertl. 17:08 of 1st period - Stopped by Darcy Kuemper without a rebound. 17:09 of 1st period - Erik Haula wins face-off versus Tage Thompson in ANCHORAGE ACES zone. 17:11 of 1st period - Sheldon Dries is hit by Tage Thompson and loses puck. 17:24 of 1st period - Shot by Chris Kreider. 17:24 of 1st period - Stopped by Pheonix Copley without a rebound. 17:25 of 1st period - Erik Haula wins face-off versus Alexander Wennberg in COLORADO GLACIERCATS zone. 17:58 of 1st period - Shot by Cole Perfetti. 17:58 of 1st period - Shot Misses the Net. 18:15 of 1st period - Icing by Ryan Pulock. 18:16 of 1st period - Erik Haula wins face-off versus Tage Thompson in ANCHORAGE ACES zone. 18:16 of 1st period - Erik Haula is hit by Tage Thompson. 18:33 of 1st period - Shot by Jamie Benn. 18:33 of 1st period - Stopped by Darcy Kuemper without a rebound. 18:34 of 1st period - Connor McDavid wins face-off versus Tomas Hertl in ANCHORAGE ACES zone. 18:36 of 1st period - Icing by Nathan MacKinnon. 18:37 of 1st period - Tomas Hertl wins face-off versus Connor McDavid in ANCHORAGE ACES zone. 19:22 of 1st period - Shot by Tomas Hertl. 19:22 of 1st period - Stopped by Darcy Kuemper without a rebound. 19:23 of 1st period - Tage Thompson wins face-off versus Phillip Danault in ANCHORAGE ACES zone. 19:30 of 1st period - Shot by Leon Draisaitl. 19:30 of 1st period - Shot Misses the Net. 19:32 of 1st period - Shot by Vladislav Gavrikov. 19:32 of 1st period - Shot Misses the Net. 19:34 of 1st period - Shot by Tage Thompson. 19:34 of 1st period - Shot Blocked by Jani Hakanpaa. 19:36 of 1st period - Shot by Leon Draisaitl. 19:36 of 1st period - Shot Misses the Net. 19:38 of 1st period - Shot by Jamie Benn. 19:38 of 1st period - Shot Blocked by Phillip Danault. 19:40 of 1st period - Shot by Leon Draisaitl. 19:40 of 1st period - Shot Misses the Net. 19:42 of 1st period - Shot by Leon Draisaitl. 19:42 of 1st period - Stopped by Darcy Kuemper without a rebound. 19:43 of 1st period - Connor McDavid wins face-off versus Alexander Wennberg in ANCHORAGE ACES zone. 19:55 of 1st period - Shot by Erik Haula. 19:55 of 1st period - Stopped by Pheonix Copley with a rebound. 19:59 of 1st period - Shot by Connor McDavid. 19:59 of 1st period - Stopped by Pheonix Copley without a rebound. Goals for this period are 5 for ANCHORAGE ACES vs 0 for COLORADO GLACIERCATS. Shots for this period are 18 for ANCHORAGE ACES vs 8 for COLORADO GLACIERCATS. 2nd period 0:01 of 2nd period - Tage Thompson wins face-off versus Connor McDavid in neutral zone. 1:02 of 2nd period - Icing by Leon Draisaitl. 1:03 of 2nd period - Jamie Benn wins face-off versus Phillip Danault in COLORADO GLACIERCATS zone. 1:32 of 2nd period - Vladislav Gavrikov is hit by Conor Sheary and loses puck. 2:16 of 2nd period - Shot by Sheldon Dries. 2:16 of 2nd period - Stopped by Pheonix Copley without a rebound. 2:17 of 2nd period - Connor McDavid wins